 Dungeon Sprint DCSS version 0.31-a0-841-g038b102fc3 (webtiles) character file.

Game seed: 14310618944982258429

176 sircluck the Ruffian (level 5, -12/88 HPs)
             Began as a Troll Berserker on Sept 27, 2023.
             Was a Believer of Trog.
             Mangled by a chaos spawn (19 damage)
             ... summoned by an orc high priest
             ... in the Dungeon (Sprint VII: "The Pits").
             The game lasted 00:00:19 (74 turns).

sircluck the Ruffian (Troll Berserker)                Turns: 74, Time: 00:00:19

Health: -12/88     AC: -4    Str: 27    XL:     5   Next: 30%
Magic:  4/4        EV: 11    Int:  3    God:    Trog [**....]
Gold:   0          SH:  0    Dex:  9    Spells: 4/4 levels left

rFire   . .          .
                       - Unarmed
rCold   . . .        (no shield)
rNeg    . . .        a - +0 animal skin
rPois   .            (helmet restricted)
rElec   .            (no cloak)
rCorr   .            (gloves unavailable)
SInv    .            (boots unavailable)
Will    .....        (no amulet) Stlth
                     (no ring)
HPRegen 1.14/turn    (no ring)
MPRegen 0.09/turn

%: no teleportation
@: berserking (expiring), lethally poisoned (-12 -> -13), corroded, very quick
A: large, unfitting armour, claws 3, regeneration 1, shaggy fur 1, tough skin 1
a: Renounce Religion, Berserk, Trog's Hand


You were in the Dungeon.
You worshipped Trog.
Trog was pleased with you.
You visited 1 branch

Inventory:

Armour
 a - a +0 animal skin (worn)
Scrolls
 g - a scroll of blinking
Potions
 b - a potion of curing
 c - a potion of heal wounds
 d - a potion of haste
 e - 2 potions of magic
 f - a potion of berserk rage


   Skills:
 + Level 5.8 Fighting
 + Level 5.7 Dodging
 + Level 6.9 Unarmed Combat


You had 4 spell levels left.
You didn't know any spells.
Your spell library was empty.

Dungeon Overview and Level Annotations

Branches:
Dungeon (1/1)

Altars:


Innate Abilities, Weirdness & Mutations

You are too large for most types of armour.
You have claws for hands.
Your natural rate of healing is unusually fast.
You are covered in fur. (AC +1)
You have tough skin. (AC +1)


Message History

You claw the orc warrior!
You kill the orc warrior!
Trog accepts your kill.
You can now call upon Trog for regeneration and willpower.
The orc closely misses you.
The orc high priest utters an invocation to Beogh.
The adder barely misses you.
Your Fighting skill increases to level 5!
Your Dodging skill increases to level 5!
Your Unarmed Combat skill increases to level 6!
You have reached level 5!
Unknown command.
Unknown command.
You completely miss the orc. The adder bites you.
You are poisoned.
The adder poisons you!
You closely miss the orc.
You feel sick. The orc barely misses you.
The orc high priest utters an invocation to Beogh.
You mangle the rust devil!!
The rust devil is heavily wounded.
You feel sick. The adder barely misses you. The orc completely misses you.
You barely miss the rust devil. You claw the rust devil!
The rust devil is severely wounded.
The rust devil hits you. The rust devil corrodes you! The adder bites you.
The chaos spawn gores you! The chaos spawn freezes you!
You barely miss the rust devil.
The rust devil is severely wounded.
You feel sick. The orc closely misses you. The rust devil hits you!
The rust devil corrodes you!
A bog body comes into view.
You closely miss the rust devil.
The rust devil is severely wounded.
The chaos spawn hits you!
You are engulfed in flames!
* * * LOW HITPOINT WARNING * * *
You barely miss the rust devil.
The rust devil is severely wounded.
You feel sick. The orc barely misses you. The rust devil hits you!
* * * LOW HITPOINT WARNING * * *
The rust devil corrodes you! The chaos spawn hits you!!
You die...

#................+
+................+
#......#..#......#
#................#
####'#####''######
#.......##''#
#.......##).##
#.......##.4o##
#...<...###@4o#
#.......#
##nT.....
#.......# .S###+##
#.......# .##
######### oo oo
##.


You could see an orc high priest, a rust devil (summoned), a bog body, a troll,
a chaos spawn (summoned), an adder and an orc.

Vanquished Creatures
  2 orc warriors (D)
  An orc (D)
3 creatures vanquished.

Notes
Turn   | Place    | Note
-------+----------+-------------------------------------------
     0 | D        | sircluck the Troll Berserker began the quest for the Orb.
     0 | D        | Reached XP level 1. HP: 22/22 MP: 0/0
    11 | D        | Noticed an orc warrior
    18 | D        | Killed an orc warrior
    19 | D        | Reached skill level 5 in Unarmed Combat
    19 | D        | Reached XP level 2. HP: 33/33 MP: 1/1
    19 | D        | Reached XP level 3. HP: 40/40 MP: 2/2
    19 | D        | Reached XP level 4. HP: 49/49 MP: 3/3
    57 | D        | Noticed an orc high priest
    57 | D        | Noticed an orc warrior
    57 | D        | Noticed a troll
    67 | D        | Killed an orc warrior
    67 | D        | Reached ** piety under Trog
    68 | D        | Reached skill level 5 in Fighting
    68 | D        | Reached skill level 5 in Dodging
    68 | D        | Reached skill level 6 in Unarmed Combat
    68 | D        | Reached XP level 5. HP: 59/59 MP: 4/4
    68 | D        | Noticed a rust devil
    70 | D        | Noticed a chaos spawn
    73 | D        | Noticed a bog body
    74 | D        | Mangled by a chaos spawn

Illustrated notes

Levels and vault maps discovered:
D:        pitsprint [storerooms_1, entrance_room_1, metal_vault_5, armoury_1,
          mini_pit_1, grid_room_1, main_hall_1, silver_pit, the_coven_1,
          the_vestibule_1, steel_vault_4, golden_pit, hallway_of_sentries,
          crystal_vault_4, iron_vault_2, final_vault]

Skill      XL: |  1  2  3  4 |
---------------+-------------+-----
Fighting       | 4 5 |  5.8
Dodging        | 4 5 |  5.7
Unarmed Combat | 5 6 |  6.9

Action                     |  1- 3 |  4- 6 || total
---------------------------+-------+-------++-------
  Melee: Unarmed           |     4 |    15 ||    19
         Punch             |       |     1 ||     1
 Invoke: Berserk           |     1 |     1 ||     2
 Armour: Animal skin       |       |    14 ||    14
  Dodge: Dodged            |     1 |    11 ||    12

Table legend: (Time is in decaauts)
 A = Elapsed time spent in this place.
 B = Non-inter-level travel time spent in this place.
 C = Inter-level travel time spent in this place.
 D = Time resting spent in this place.
 E = Time spent auto-exploring this place.
 F = Levels seen in this place.
 G = Mean time per level.
                   A        B        C        D        E       F      G
               +--------+--------+--------+--------+--------+-----+--------+
         Total |     76 |     76 |      0 |     42 |     11 |   1 |   76.0 |
       Dungeon |     76 |     76 |      0 |     42 |     11 |   1 |   76.0 |
               +--------+--------+--------+--------+--------+-----+--------+

Top non-repeatable levels by time:
       D: 76 daAuts
